TOP OF THE 1ST |
Missouri Tigers batting - Pitching for North Carolina State Wolfpack : RHP António Lara
|
Pitching: RHP António Lara
|
|
Batting: LHB Ray Hampton
|
0-0: Ball 1-0: Ball 2-0: Ball 3-0: Called Strike 3-1: Bunt for hit - play at first, batter safe!
|
Batting: LHB William Harris
|
0-0: Called Strike 0-1: Ball 1-1: Ball 2-1: Swinging Strike 2-2: Ball 3-2: Foul Ball, location: 2F 3-2: Strikes out looking
|
Batting: RHB Troy González
|
0-0: Called Strike 0-1: Ball 1-1: Ball 2-1: Ball 3-1: Base on Balls Ray Hampton to second
|
Batting: RHB Sean White
|
0-0: Ball 1-0: Called Strike 1-1: 3-RUN HOME RUN (Flyball, 78XD), Distance : 365 ft
|
Batting: RHB Irwin Sizemore
|
0-0: Ball 1-0: Fly out, F8 (Flyball, 8LM)
|
Batting: RHB Francisco Alou
|
0-0: Ground out 4-3 (Groundball, 4)
|
Top of the 1st over - 3 run(s), 2 hit(s), 0 error(s), 0 left on base; Missouri 3 - North Carolina State 0 |
BOTTOM OF THE 1ST |
North Carolina State Wolfpack batting - Pitching for Missouri Tigers : RHP Craig Smith
|
Pitching: RHP Craig Smith
|
|
Batting: RHB Henry Dawson
|
0-0: Foul Ball, location: 2F 0-1: Foul Ball, location: 2F 0-2: Fly out, F9 (Flyball, 9M)
|
Batting: RHB Jorge García
|
0-0: Ball 1-0: Called Strike 1-1: Foul Ball, location: 2F 1-2: Strikes out swinging
|
Batting: LHB Frank Jackson
|
0-0: Ball 1-0: Foul Ball, location: 2F 1-1: Foul Ball, location: 2F 1-2: SOLO HOME RUN (Flyball, 9D), Distance : 349 ft
|
Batting: RHB Dennis Mays
|
0-0: DOUBLE (Line Drive, 7LM)
|
Batting: LHB Ignacio Rabelo
|
0-0: Ball 1-0: Ball 2-0: Called Strike 2-1: Foul Ball, location: 2F 2-2: Ball 3-2: Strikes out swinging
|
Bottom of the 1st over - 1 run(s), 2 hit(s), 0 error(s), 1 left on base; Missouri 3 - North Carolina State 1 |
TOP OF THE 2ND |
Missouri Tigers batting - Pitching for North Carolina State Wolfpack : RHP António Lara
|
Batting: RHB Evan Jackson
|
0-0: Ball 1-0: Ball 2-0: SINGLE (Groundball, 6M)
|
Batting: RHB Norman Dye
|
0-0: Ball 1-0: Swinging Strike 1-1: Ball 2-1: Swinging Strike 2-2: Ball 3-2: Strikes out looking
|
Batting: SHB Luis Estrada
|
0-0: Called Strike 0-1: Ball 1-1: Ball 2-1: Ball 3-1: Foul Ball, location: 2F 3-2: Strikes out swinging
|
Batting: LHB Ray Hampton
|
0-0: Called Strike 0-1: Ball 1-1: Ball 2-1: Ball 3-1: Foul Ball, location: 2F 3-2: Strikes out swinging
|
Top of the 2nd over - 0 run(s), 1 hit(s), 0 error(s), 1 left on base; Missouri 3 - North Carolina State 1 |
BOTTOM OF THE 2ND |
North Carolina State Wolfpack batting - Pitching for Missouri Tigers : RHP Craig Smith
|
Batting: SHB Hollis Hughes
|
0-0: Called Strike 0-1: Called Strike 0-2: Ball 1-2: Ball 2-2: Ball 3-2: Strikes out looking
|
Batting: RHB Bob Olson
|
0-0: Called Strike 0-1: Called Strike 0-2: Ball 1-2: Strikes out swinging
|
Batting: RHB Chester Page
|
0-0: Ball 1-0: Swinging Strike 1-1: Ball 2-1: Called Strike 2-2: Foul Ball, location: 2F 2-2: Strikes out swinging
|
Bottom of the 2nd over - 0 run(s), 0 hit(s), 0 error(s), 0 left on base; Missouri 3 - North Carolina State 1 |
TOP OF THE 3RD |
Missouri Tigers batting - Pitching for North Carolina State Wolfpack : RHP António Lara
|
Batting: LHB William Harris
|
0-0: Called Strike 0-1: Called Strike 0-2: Ball 1-2: Fly out, F7 (Flyball, 7M)
|
Batting: RHB Troy González
|
0-0: Ball 1-0: Called Strike 1-1: Foul Ball, location: 2F 1-2: Ball 2-2: Strikes out swinging
|
Batting: RHB Sean White
|
0-0: Ground out 6-3 (Groundball, 6M)
|
Top of the 3rd over - 0 run(s), 0 hit(s), 0 error(s), 0 left on base; Missouri 3 - North Carolina State 1 |
BOTTOM OF THE 3RD |
North Carolina State Wolfpack batting - Pitching for Missouri Tigers : RHP Craig Smith
|
Batting: RHB Roberto Landavazo
|
0-0: Called Strike 0-1: Ball 1-1: Called Strike 1-2: Ball 2-2: Strikes out swinging
|
Batting: RHB Henry Dawson
|
0-0: Called Strike 0-1: Swinging Strike 0-2: Foul Ball, location: 2F 0-2: Strikes out looking
|
Batting: RHB Jorge García
|
0-0: Fly out, F8 (Flyball, 8RM)
|
Bottom of the 3rd over - 0 run(s), 0 hit(s), 0 error(s), 0 left on base; Missouri 3 - North Carolina State 1 |
TOP OF THE 4TH |
Missouri Tigers batting - Pitching for North Carolina State Wolfpack : RHP António Lara
|
Batting: RHB Irwin Sizemore
|
0-0: Ball 1-0: Foul Ball, location: 2F 1-1: Called Strike 1-2: Strikes out looking
|
Batting: RHB Francisco Alou
|
0-0: Ball 1-0: Ball 2-0: Ball 3-0: Base on Balls
|
Batting: RHB Evan Jackson
|
0-0: Called Strike 0-1: Ball 1-1: Fielders Choice at 2nd, 3-6 (Groundball, 3)
|
Batting: RHB Norman Dye
|
0-0: Ball 1-0: Swinging Strike 1-1: Foul Ball, location: 2F 1-2: Foul Ball, location: 2F 1-2: Foul Ball, location: 2F 1-2: Ball 2-2: Strikes out looking
|
Top of the 4th over - 0 run(s), 0 hit(s), 0 error(s), 1 left on base; Missouri 3 - North Carolina State 1 |
BOTTOM OF THE 4TH |
North Carolina State Wolfpack batting - Pitching for Missouri Tigers : RHP Craig Smith
|
Batting: LHB Frank Jackson
|
0-0: Called Strike 0-1: Ball 1-1: Foul Ball, location: 2F 1-2: Foul Ball, location: 2F 1-2: Ground out 4-3 (Groundball, 4)
|
Batting: RHB Dennis Mays
|
0-0: Foul Ball, location: 2F 0-1: Foul Ball, location: 2F 0-2: Strikes out looking
|
Batting: LHB Ignacio Rabelo
|
0-0: Ball 1-0: Ball 2-0: Swinging Strike 2-1: Called Strike 2-2: Strikes out swinging
|
Bottom of the 4th over - 0 run(s), 0 hit(s), 0 error(s), 0 left on base; Missouri 3 - North Carolina State 1 |
TOP OF THE 5TH |
Missouri Tigers batting - Pitching for North Carolina State Wolfpack : RHP António Lara
|
Batting: SHB Luis Estrada
|
0-0: Called Strike 0-1: Ball 1-1: Swinging Strike 1-2: Strikes out swinging
|
Batting: LHB Ray Hampton
|
0-0: Swinging Strike 0-1: Ball 1-1: Ball 2-1: Ball 3-1: Base on Balls
|
Pitching: RHP Clayton Tranter
|
|
Batting: LHB William Harris
|
0-0: Called Strike 0-1: Swinging Strike 0-2: Fly out, F8 (Flyball, 8LM) 0-2: Fly out, F8 (Flyball, 8LM)
|
Batting: RHB Troy González
|
0-0: Swinging Strike 0-1: Called Strike 0-2: Ball 1-2: Ball 2-2: Strikes out swinging
|
Top of the 5th over - 0 run(s), 0 hit(s), 0 error(s), 1 left on base; Missouri 3 - North Carolina State 1 |
BOTTOM OF THE 5TH |
North Carolina State Wolfpack batting - Pitching for Missouri Tigers : RHP Craig Smith
|
Batting: SHB Hollis Hughes
|
0-0: Ball 1-0: Ball 2-0: Ball 3-0: Called Strike 3-1: Foul Ball, location: 2F 3-2: Ground out 6-3 (Groundball, 56)
|
Batting: RHB Bob Olson
|
0-0: Called Strike 0-1: Swinging Strike 0-2: Strikes out looking
|
Batting: RHB Chester Page
|
0-0: Ground out 6-3 (Groundball, 6)
|
Bottom of the 5th over - 0 run(s), 0 hit(s), 0 error(s), 0 left on base; Missouri 3 - North Carolina State 1 |
TOP OF THE 6TH |
Missouri Tigers batting - Pitching for North Carolina State Wolfpack : RHP Clayton Tranter
|
Batting: RHB Sean White
|
0-0: SINGLE (Flyball, 78M)
|
Batting: RHB Irwin Sizemore
|
0-0: Called Strike 0-1: Grounds into double play, 6-4-3 (Groundball, 6)
|
Batting: RHB Francisco Alou
|
0-0: SINGLE (Line Drive, 34D)
|
Batting: RHB Evan Jackson
|
0-0: Called Strike 0-1: Called Strike 0-2: Strikes out swinging
|
Top of the 6th over - 0 run(s), 2 hit(s), 0 error(s), 1 left on base; Missouri 3 - North Carolina State 1 |
BOTTOM OF THE 6TH |
North Carolina State Wolfpack batting - Pitching for Missouri Tigers : RHP Craig Smith
|
Batting: RHB Roberto Landavazo
|
0-0: Fly out, F9 (Flyball, 9S)
|
Batting: RHB Henry Dawson
|
0-0: Called Strike 0-1: Swinging Strike 0-2: Strikes out swinging
|
Batting: RHB Jorge García
|
0-0: Ball 1-0: Ball 2-0: Ball 3-0: Called Strike 3-1: Base on Balls
|
Batting: LHB Frank Jackson
|
0-0: Ball 1-0: Called Strike 1-1: Fielders Choice at 2nd, U6 (Groundball, 6M)
|
Bottom of the 6th over - 0 run(s), 0 hit(s), 0 error(s), 1 left on base; Missouri 3 - North Carolina State 1 |
TOP OF THE 7TH |
Missouri Tigers batting - Pitching for North Carolina State Wolfpack : RHP Clayton Tranter
|
Batting: RHB Norman Dye
|
0-0: Called Strike 0-1: Ball 1-1: Ball 2-1: Ball 3-1: DOUBLE (Line Drive, 78M)
|
Batting: SHB Luis Estrada
|
0-0: Ball 1-0: Fly out, F4 (Line Drive, 4)
|
Pitching: RHP Brit Torres
|
|
Batting: LHB Ray Hampton
|
0-0: Called Strike 0-1: Ball 1-1: Swinging Strike 1-2: Ball 2-2: Foul Ball, location: 2F 2-2: Fly out, F6 (Flyball, 7LSF)
|
Batting: LHB William Harris
|
0-0: Foul Ball, location: 2F 0-1: Ball 1-1: Ball 2-1: DOUBLE (Flyball, 78M) Norman Dye scores
|
Batting: RHB Troy González
|
0-0: Ball 1-0: Fly out, F7 (Line Drive, 78D)
|
Top of the 7th over - 1 run(s), 2 hit(s), 0 error(s), 1 left on base; Missouri 4 - North Carolina State 1 |
BOTTOM OF THE 7TH |
North Carolina State Wolfpack batting - Pitching for Missouri Tigers : RHP Craig Smith
|
Batting: RHB Dennis Mays
|
0-0: Foul Ball, location: 2F 0-1: Foul Ball, location: 2F 0-2: Strikes out swinging
|
Pitching: RHP Shane Burt
|
|
Batting: LHB Ignacio Rabelo
|
0-0: Foul Ball, location: 2F 0-1: Called Strike 0-2: Foul Ball, location: 2F 0-2: Ball 1-2: Strikes out swinging
|
Batting: SHB Hollis Hughes
|
0-0: Ball 1-0: Ball 2-0: Ball 3-0: Base on Balls
|
Batting: RHB Bob Olson
|
0-0: Called Strike 0-1: Ball 1-1: Ball 2-1: Ball 3-1: Called Strike 3-2: Foul Ball, location: 2F 3-2: Strikes out looking
|
Bottom of the 7th over - 0 run(s), 0 hit(s), 0 error(s), 1 left on base; Missouri 4 - North Carolina State 1 |
TOP OF THE 8TH |
Missouri Tigers batting - Pitching for North Carolina State Wolfpack : RHP Brit Torres
|
Batting: RHB Sean White
|
0-0: Ball 1-0: Ball 2-0: Called Strike 2-1: Swinging Strike 2-2: Ball 3-2: Fly out, F9 (Flyball, 89M)
|
Batting: RHB Irwin Sizemore
|
0-0: Called Strike 0-1: Ball 1-1: Ball 2-1: Ball 3-1: Ground out 4-3 (Groundball, 4)
|
Batting: RHB Francisco Alou
|
0-0: Ball 1-0: Ball 2-0: Called Strike 2-1: Ball 3-1: Foul Ball, location: 2F 3-2: Ground out 4-3 (Groundball, 4M)
|
Top of the 8th over - 0 run(s), 0 hit(s), 0 error(s), 0 left on base; Missouri 4 - North Carolina State 1 |
BOTTOM OF THE 8TH |
North Carolina State Wolfpack batting - Pitching for Missouri Tigers : RHP Shane Burt
|
Batting: RHB Chester Page
|
0-0: Called Strike 0-1: SOLO HOME RUN (Flyball, 7D), Distance : 363 ft
|
Batting: RHB Roberto Landavazo
|
0-0: Called Strike 0-1: Swinging Strike 0-2: Foul Ball, location: 2F 0-2: Ball Reached via error on a dropped throw, E3
|
Pitching: RHP Ben Simpson
|
|
Batting: RHB Henry Dawson
|
0-0: Ball 1-0: Swinging Strike 1-1: 2-RUN HOME RUN (Line Drive, 7D), Distance : 368 ft
|
Batting: RHB Jorge García
|
0-0: Called Strike 0-1: Ball 1-1: Swinging Strike 1-2: Strikes out swinging
|
Batting: LHB Frank Jackson
|
0-0: Called Strike 0-1: Ball 1-1: Swinging Strike 1-2: Ball 2-2: Ball 3-2: Base on Balls
|
Batting: RHB Dennis Mays
|
0-0: Ball 1-0: Called Strike 1-1: Foul Ball, location: 2F 1-2: Foul Ball, location: 2F 1-2: Foul Ball, location: 2F 1-2: Ball 2-2: Strikes out swinging
|
Batting: LHB Ignacio Rabelo
|
0-0: Called Strike 0-1: Ball 1-1: Called Strike 1-2: Strikes out swinging
|
Bottom of the 8th over - 3 run(s), 2 hit(s), 1 error(s), 1 left on base; Missouri 4 - North Carolina State 4 |
TOP OF THE 9TH |
Missouri Tigers batting - Pitching for North Carolina State Wolfpack : RHP Brit Torres
|
Pitching: LHP Will Baker
|
|
Batting: RHB Evan Jackson
|
0-0: Fly out, F7 (Flyball, 7M)
|
Batting: RHB Norman Dye
|
0-0: Ball 1-0: Called Strike 1-1: Ball 2-1: Foul Ball, location: 2F 2-2: Ball 3-2: Foul Ball, location: 2F 3-2: Base on Balls
|
Batting: SHB Luis Estrada
|
0-0: Foul Ball, location: 2F 0-1: Ball 1-1: Swinging Strike 1-2: Ball 2-2: Hit by Pitch Norman Dye to second
|
Batting: LHB Ray Hampton
|
0-0: Ball 1-0: Ball 2-0: Called Strike 2-1: Ball 3-1: Called Strike 3-2: Base on Balls Norman Dye to third Luis Estrada to second
|
Batting: LHB William Harris
|
0-0: Foul Ball, location: 2F 0-1: Ball 1-1: Ball 2-1: Ball 3-1: GRAND SLAM HOME RUN (Flyball, 9D), Distance : 342 ft
|
Pitching: RHP Shawn Roberts
|
|
Batting: RHB Troy González
|
0-0: Called Strike 0-1: Swinging Strike 0-2: Ball 1-2: Foul Ball, location: 2F 1-2: Ground out 4-3 (Groundball, 4M)
|
Batting: RHB Sean White
|
0-0: Ball 1-0: Ground out 1-3 (Groundball, 15)
|
Top of the 9th over - 4 run(s), 1 hit(s), 0 error(s), 0 left on base; Missouri 8 - North Carolina State 4 |
BOTTOM OF THE 9TH |
North Carolina State Wolfpack batting - Pitching for Missouri Tigers : RHP Ben Simpson
|
Pitching: RHP Teddy Foster
|
|
Batting: SHB Hollis Hughes
|
0-0: Foul Ball, location: 2F 0-1: Ball 1-1: Swinging Strike 1-2: Ball 2-2: Ball 3-2: Strikes out looking
|
Batting: RHB Bob Olson
|
0-0: Called Strike 0-1: Ball 1-1: Swinging Strike 1-2: Ball 2-2: Strikes out swinging
|
Batting: RHB Chester Page
|
0-0: Swinging Strike 0-1: Ball 1-1: Ball 2-1: Ball 3-1: Base on Balls
|
Batting: RHB Roberto Landavazo
|
0-0: Called Strike 0-1: Ball 1-1: Swinging Strike 1-2: Ball 2-2: Strikes out swinging
|
Bottom of the 9th over - 0 run(s), 0 hit(s), 0 error(s), 1 left on base; Missouri 8 - North Carolina State 4 |
|